 Dungeon Crawl Stone Soup version 0.21-a0-163-g3aa3f5d (webtiles) character file.

69590 tilp the Scorcher (level 15, 0/118 HPs)
             Began as a Hill Orc Fire Elementalist on Aug 3, 2017.
             Was the Champion of Okawaru.
             Slain by a snapping turtle (19 damage)
             ... on level 1 of the Shoals on Aug 5, 2017.
             The game lasted 02:00:40 (33841 turns).

tilp the Scorcher (Hill Orc Fire Elementalist)     Turns: 33841, Time: 02:00:41

Health: 0/118      AC: 19    Str: 22    XL:     15   Next: 30%
Magic:  22/27      EV: 17    Int: 22    God:    Okawaru [******]
Gold:   1331       SH:  0    Dex:  9    Spells: 0/18 levels left

rFire    . . .     SeeInvis +   q - +8 battleaxe
rCold    + . .     Gourm    .   (shield currently unavailable)
rNeg     . . .     Faith    .   W - +3 ring mail of Okawaru's Approval {rCorr Str+6 Dex-2 Slay+5}
rPois    +         Spirit   .   d - +2 helmet {SInv}
rElec    +         Reflect  .   N - +1 cloak of Starlight {rElec rC+ EV+4 Stlth--}
rCorr    +         Harm     .   r - +2 pair of gloves {Str+3}
MR       +....                  g - +2 pair of boots
Stlth    ..........             (no amulet)
HPRegen  0.29/turn              K - ring of poison resistance
MPRegen  0.20/turn              y - ring of magical power

@: engulfed (cannot breathe), very slow
A: claws 1, see invisible, clever 1
a: Heroism, Finesse, Renounce Religion


You were on level 1 of the Shoals.
You worshipped Okawaru.
Okawaru was exalted by your worship.
You were not hungry.

You visited 4 branches of the dungeon, and saw 20 of its levels.
You also visited: Bailey.

You collected 1331 gold pieces.

Inventory:

Hand Weapons
 q - a +8 battleaxe (weapon)
Missiles
 n - 8 silver javelins (quivered)
Armour
 d - a +2 helmet of see invisible (worn)
 g - a +2 pair of boots (worn)
 r - a +2 pair of gloves of strength (worn)
 N - the +1 cloak of Starlight (worn) {rElec rC+ EV+4 Stlth--}
   (You found it on level 5 of the Lair of Beasts)

   It affects your evasion (+4).
   It protects you from cold.
   It insulates you from electricity.
   It makes you much less stealthy.
 W - the +3 ring mail of Okawaru's Approval (worn) {rCorr Str+6 Dex-2 Slay+5}
   (Okawaru gifted it to you on level 4 of the Lair of Beasts)

   It affects your strength (+6).
   It affects your dexterity (-2).
   It affects your accuracy and damage with ranged weapons and melee attacks
   (+5).
   It protects you from acid and corrosion.
Magical Staves
 i - an uncursed staff of conjuration
Jewellery
 p - the ring "Laomiack" {rF+ MR+ Dex+3 Slay+2, unknown}
   (You found it on level 6 of the Lair of Beasts)

   [ring of slaying]

   It affects your dexterity (+3).
   It affects your accuracy and damage with ranged weapons and melee attacks
   (+2).
   It protects you from fire.
   It affects your resistance to hostile enchantments.
 u - a +5 ring of dexterity {unknown}
 y - a ring of magical power (right hand)
 F - an uncursed ring of protection from cold
 J - an uncursed ring of flight
 K - a ring of poison resistance (left hand)
 U - an uncursed ring of protection from fire
Wands
 h - a wand of iceblast (8/15)
 v - a wand of scattershot (3/9)
 B - a wand of paralysis (15/24)
 G - a wand of disintegration (10/24)
 L - a wand of scattershot (4/9)
 O - a wand of lightning (5/15)
Scrolls
 b - a scroll of summoning {unknown}
 e - 2 scrolls of blinking
 f - a scroll of fog
 l - 7 scrolls of magic mapping
 m - 2 scrolls of recharging
 o - a scroll of acquirement {unknown}
 s - a scroll of fear
 z - a scroll of brand weapon {unknown}
 A - 5 scrolls of remove curse
 H - 2 scrolls of amnesia
 R - a scroll of teleportation
Potions
 a - 2 potions of flight
 c - 5 potions of agility
 j - 4 potions of berserk rage
 k - 4 potions of curing
 t - 3 potions of resistance
 x - 3 potions of brilliance
 C - 2 potions of might
 E - 3 potions of cancellation
 I - 2 potions of haste
 P - a potion of lignification
Comestibles
 D - 3 chunks of flesh
 S - 15 royal jellies


   Skills:
 - Level 7.1 Fighting
 + Level 12.8 Axes
 - Level 6.2 Dodging
 - Level 1.5 Stealth
 - Level 2.0 Spellcasting
 * Level 15.4 Conjurations
 * Level 16.9 Fire Magic
 - Level 4.2 Invocations


You couldn't memorise any spells.
You knew the following spells:

 Your Spells              Type           Power        Failure   Level  Hunger
a - Flame Tongue          Conj/Fire      #####        1%          1    #......
b - Throw Flame           Conj/Fire      ######       1%          2    ##.....
c - Conjure Flame         Conj/Fire      ######..     1%          3    ###....
d - Sticky Flame          Conj/Fire      ######..     1%          4    #####..
e - Fireball              Conj/Fire      ######....   1%          5    ######.
f - Magic Dart            Conj           ####         1%          1    #......
g - Blink                 Tloc           N/A          32%         2    ##.....


Dungeon Overview and Level Annotations

Branches:
Dungeon (12/15)            Temple (0/1) D:5            Lair (6/6) D:10
 Shoals (1/4) Lair:2        Snake (1/4) Lair:3        Slime (0/5) Lair:6
    Orc: D:9-12

Altars:
Cheibriados
Elyvilon
Fedhas
Kikubaaqudgha
Makhleb
Okawaru
Qazlal
Sif Muna
Vehumet
Wu Jian
Zin
Jiyva

Portals:
Trove: D:10 (give 8 scrolls of blinking)

Annotations:
D:9 exclusion: statue
D:11 p0werm0de's ghost, novice DsEn
D:12 ettin, sphinx, orc warlord
Snake:1 Frances


Innate Abilities, Weirdness & Mutations

You have sharp fingernails.
You have supernaturally acute eyesight. (SInv)
Your mind is acute. (Int +2)


Message History

Your lungs strain for air!
The water elemental closely misses you.
Unknown command.
Your unstable footing causes you to fumble your attack.
* * * LOW HITPOINT WARNING * * *
Your lungs strain for air!
The water elemental closely misses you.
A water elemental comes into view.
You feel much better.
* * * LOW HITPOINT WARNING * * *
Your lungs strain for air!
The water elemental completely misses you.
You slash the water elemental!
The water elemental is almost destroyed.
You hit the water elemental.
* * * LOW HITPOINT WARNING * * *
Your lungs strain for air!
The water elemental misses you. The water elemental hits you.
The snapping turtle bites you from afar!!
You die...

≈≈...≈≈≈≈≈≈.≈.≈...m..E
≈≈≈P....≈≈≈..≈≈.≈≈#
≈≈≈≈......≈≈##.≈≈≈≈≈..
P≈≈≈≈.###.≈≈.#≈.≈≈≈#..
.≈P≈≈≈≈≈≈.# #.H≈≈m≈≈≈≈≈≈(.
#.≈≈≈≈≈≈≈≈.###≈≈≈.≈≈≈≈≈≈≈≈#≈≈
..≈≈≈≈≈≈H≈..≈≈≈...≈≈≈≈≈≈≈≈≈≈#≈
..≈≈≈≈≈≈≈≈≈≈..###..≈≈≈≈≈≈≈≈≈≈≈≈
..≈≈≈≈≈≈≈≈≈≈≈##@##.≈≈≈≈≈≈≈≈≈≈≈≈≈
.≈≈≈≈≈≈≈≈.≈≈.tE†E..≈≈≈≈≈≈≈≈≈≈≈≈≈
≈≈≈≈≈≈≈≈..≈.....≈≈≈≈≈≈≈≈≈≈≈≈≈≈≈≈
≈≈≈≈≈≈≈≈......≈≈≈≈≈≈≈≈≈≈≈≈≈≈≈≈≈≈
.....≈≈..###..≈≈≈≈≈≈≈≈≈≈≈≈≈≈≈≈≈≈
.....≈≈.## ##.≈≈.≈≈≈≈≈≈≈≈≈≈≈.≈≈≈
..≈≈≈....###..≈≈≈≈≈≈≈≈≈≈≈≈≈≈.≈≈≈
#.≈≈......##..≈≈≈≈≈≈≈≈≈≈≈≈≈≈≈≈≈≈
........###..≈≈≈≈≈≈≈≈≈≈≈≈≈≈≈≈≈≈≈


You could see a snapping turtle and 2 water elementals.

Vanquished Creatures
  Nessos (Lair:6)
  Snorg (D:10)
  7 hydras
  A centaur warrior (D:11)
  2 merfolk aquamancers (Shoals:1)
  10 death yaks
  9 two-headed ogres
  A shock serpent (Snake:1)
  2 sea snakes (Shoals:1)
  The ghost of p0werm0de the Martial Artist, a novice OpEn of Ashenzari (D:8)
  An orc knight (Bailey)
  2 ugly things (D:11)
  A wolf spider (Lair:6)
  2 manticores
  4 elephants (Lair:5)
  A naga mage (Snake:1)
  A water nymph (Shoals:1)
  A guardian serpent (Lair:6)
  3 merfolk sirens (Lair:2)
  A gargoyle (D:10)
  13 black mambas
  The ghost of tilp the Firebug, a novice HOFE of Okawaru (D:5)
  5 rime drakes
  18 spiny frogs
  8 komodo dragons
  A queen bee (Lair:3)
  A polar bear (Lair:5)
  2 hornets (Lair:6)
  A merfolk (Lair:2)
  2 trolls
  10 hippogriffs
  A slime creature (D:12)
  10 blink frogs
  4 dream sheep
  A snapping turtle (Shoals:1)
  4 redbacks (Lair:6)
  15 wyverns
  3 basilisks
  32 yaks
  2 hungry ghosts
  25 water moccasins
  7 porcupines
  3 ice beasts
  6 sky beasts
  16 orc warriors
  A necrophage (D:7)
  4 ogres
  2 phantoms
  22 wolves
  3 centaurs
  11 crocodiles
  2 big kobolds
  16 bullfrogs
  5 scorpions
  5 wights (D:8)
  21 killer bees (Lair:3)
  3 electric eels
  A howler monkey (D:9)
  A centaur zombie (D:9)
  3 crimson imps
  2 bullfrog zombies
  5 hounds
  6 jellies
  3 centaur skeletons
  11 orc priests
  19 orc wizards
  4 iguanas
  A gnoll shaman (D:7)
  Natasha (thrice) (D:3)
  2 hell rats
  8 worker ants
  The ghost of p0werm0de the Skirmisher, a weakling DgWn (D:3)
  A hound zombie (D:11)
  A hound skeleton (D:4)
  A howler monkey zombie (D:5)
  2 worker ant zombies
  5 gnolls
  2 river rats
  18 adders
  6 oozes
  An adder zombie (D:5)
  3 worms
  A dart slug (D:1)
  6 leopard geckos
  56 orcs
  7 bats
  9 giant cockroaches
  4 goblins
  3 hobgoblins
  22 jackals
  17 kobolds
  8 quokkas
  A ball python (D:3)
  3 frilled lizards
  11 rats
  2 butterflies (D:5)
  4 fungi
  7 plants
609 creatures vanquished.

Vanquished Creatures (others)
  A quokka (D:7)
  21 fungi
  25 plants
47 creatures vanquished.

Grand Total: 656 creatures vanquished

Notes
Turn   | Place    | Note
-------+----------+-------------------------------------------
     0 | D:1      | tilp the Hill Orc Fire Elementalist began the quest for the Orb.
     0 | D:1      | Reached XP level 1. HP: 14/14 MP: 3/3
   122 | D:1      | You fall through a shaft!
   122 | D:2      | Found a stormy altar of Qazlal.
   122 | D:2      | Found an ornate altar of the Wu Jian Council.
   339 | D:2      | Found an ancient bone altar of Kikubaaqudgha.
   482 | D:2      | Reached XP level 2. HP: 12/20 MP: 3/5
   489 | D:2      | Learned a level 2 spell: Throw Flame
  1338 | D:1      | Reached XP level 3. HP: 24/26 MP: 2/6
  1385 | D:1      | Learned a level 3 spell: Conjure Flame
  1792 | D:2      | Found a snail-covered altar of Cheibriados.
  1985 | D:2      | Reached XP level 4. HP: 29/33 MP: 4/7
  2289 | D:2      | Found a blossoming altar of Fedhas.
  2399 | D:3      | Noticed p0werm0de's ghost (weakling DgWn)
  2407 | D:3      | Killed p0werm0de's ghost
  2593 | D:3      | Noticed Natasha
  2600 | D:3      | Killed Natasha
  2600 | D:3      | Reached XP level 5. HP: 31/38 MP: 0/8
  2677 | D:3      | Reached skill level 4 in Fire Magic
  2939 | D:3      | Found an iron altar of Okawaru.
  2957 | D:3      | Became a worshipper of Warmaster Okawaru
  3188 | D:3      | Noticed Natasha
  3210 | D:3      | Killed Natasha
  3341 | D:3      | Noticed Natasha
  3346 | D:3      | Killed Natasha
  3346 | D:3      | Reached XP level 6. HP: 26/45 MP: 5/9
  3813 | D:4      | Reached skill level 5 in Fire Magic
  4858 | D:4      | Noticed a phantom
  4904 | D:3      | Killed a phantom
  4904 | D:3      | Reached * piety under Okawaru
  4904 | D:3      | Reached skill level 5 in Conjurations
  4904 | D:3      | Reached skill level 6 in Fire Magic
  4904 | D:3      | Reached XP level 7. HP: 19/50 MP: 5/10
  5466 | D:5      | Entered Level 5 of the Dungeon
  5467 | D:5      | Upgraded the game from 0.21-a0-155-gb8a8bae to 0.21-a0-156-g77413b7
  5472 | D:5      | Found a staircase to the Ecumenical Temple.
  5659 | D:5      | Noticed tilp's ghost (novice HOFE)
  6181 | D:5      | Learned a level 4 spell: Sticky Flame
  6377 | D:5      | Reached skill level 7 in Fire Magic
  6754 | D:5      | Found a glowing silver altar of Zin.
  6754 | D:5      | Found a deep blue altar of Sif Muna.
  7140 | D:6      | Upgraded the game from 0.21-a0-156-g77413b7 to 0.21-a0-157-gb89e0e2
  7326 | D:6      | Reached XP level 8. HP: 51/57 MP: 11/11
  7760 | D:6      | Reached skill level 8 in Fire Magic
  7906 | D:6      | Reached ** piety under Okawaru
  7974 | D:6      | Reached skill level 1 in Invocations
  7984 | D:6      | Reached skill level 1 in Fighting
  8129 | D:6      | Gained mutation: You passively map a small area around you. [mutagenic meat]
  8130 | D:6      | Gained mutation: Your movements are slightly less encumbered by armour. (ER -2) [mutagenic meat]
  8131 | D:6      | Gained mutation: You are dopey. (Int -2) [mutagenic meat]
  8132 | D:6      | Gained mutation: Your muscles are strong. (Str +2) [mutagenic meat]
  8312 | D:6      | Reached XP level 9. HP: 31/67 MP: 12/12
  8568 | D:7      | Lost mutation: You passively map a small area around you. [mutagenic meat]
  8569 | D:7      | Gained mutation: You are somewhat resistant to further mutation. [mutagenic meat]
  8570 | D:7      | Gained mutation: You are clumsy. (Dex -2) [mutagenic meat]
  8612 | D:7      | Reached *** piety under Okawaru
  8768 | D:7      | Reached skill level 9 in Fire Magic
  9408 | D:7      | Found a white marble altar of Elyvilon.
  9550 | D:8      | Noticed a two-headed ogre
  9599 | D:7      | Reached **** piety under Okawaru
  9954 | D:8      | Reached XP level 10. HP: 35/80 MP: 13/13
 10135 | D:8      | Noticed p0werm0de's ghost (novice OpEn)
 10561 | D:8      | Killed p0werm0de's ghost
 10561 | D:8      | Reached skill level 10 in Fire Magic
 10819 | D:8      | Found a burning altar of Makhleb.
 11152 | D:8      | Reached skill level 5 in Fighting
 11172 | D:7      | Reached skill level 1 in Axes
 11809 | D:8      | Reached ***** piety under Okawaru
 12375 | D:8      | Killed a two-headed ogre
 12758 | D:9      | Found a radiant altar of Vehumet.
 12843 | D:9      | Noticed a two-headed ogre
 12864 | D:9      | Killed a two-headed ogre
 12864 | D:9      | Reached skill level 10 in Conjurations
 12864 | D:9      | Reached skill level 11 in Fire Magic
 13152 | D:9      | Received a gift from Okawaru
 13152 | D:9      | Reached XP level 11. HP: 80/86 MP: 14/14
 14232 | D:9      | Noticed a two-headed ogre
 14246 | D:9      | Killed a two-headed ogre
 14465 | D:10     | Entered Level 10 of the Dungeon
 14468 | D:10     | Reached skill level 5 in Axes
 14477 | D:10     | Found a portal to a secret trove of treasure.
 14898 | D:10     | Found a staircase to the Lair.
 14908 | D:10     | Noticed a death yak
 14908 | D:10     | Noticed a death yak
 14910 | D:10     | Noticed a death yak
 15353 | D:10     | Killed a death yak
 15353 | D:10     | Reached skill level 12 in Fire Magic
 15509 | D:10     | Killed a death yak
 15512 | D:10     | Killed a death yak
 15697 | D:10     | Noticed Snorg
 15703 | D:10     | Killed Snorg
 16332 | D:11     | Noticed p0werm0de's ghost (novice DsEn)
 16429 | D:11     | Noticed a two-headed ogre
 16439 | D:11     | Killed a two-headed ogre
 16439 | D:11     | Received a gift from Okawaru
 16514 | D:11     | Noticed a brown ugly thing
 16526 | D:11     | Found a flagged portal.
 16587 | Bailey   | Entered a bailey
 16587 | Bailey   | Noticed an orc knight
 16685 | Bailey   | Noticed an orc knight
 16685 | Bailey   | Noticed an orc knight
 17120 | Bailey   | Reached XP level 12. HP: 75/94 MP: 15/15
 17159 | Bailey   | Learned a level 5 spell: Fireball
 17163 | Bailey   | Received a gift from Okawaru
 17180 | D:11     | Noticed a two-headed ogre
 17358 | D:11     | Reached skill level 13 in Fire Magic
 17389 | D:11     | Killed a two-headed ogre
 17493 | D:11     | Noticed a two-headed ogre
 17509 | D:11     | Killed a two-headed ogre
 18012 | D:11     | Lost mutation: You are somewhat resistant to further mutation. [potion of mutation]
 18012 | D:11     | Lost mutation: Your muscles are strong. (Str +2) [potion of mutation]
 18012 | D:11     | Lost mutation: You are clumsy. (Dex -2) [potion of mutation]
 18012 | D:11     | Lost mutation: You are dopey. (Int -2) [potion of mutation]
 18012 | D:11     | Lost mutation: Your movements are slightly less encumbered by armour. (ER -2) [potion of mutation]
 18012 | D:11     | Gained mutation: You are frail. (-10% HP) [potion of mutation]
 18012 | D:11     | Gained mutation: You passively map a small area around you. [potion of mutation]
 18012 | D:11     | Gained mutation: You occasionally shout uncontrollably at your foes. [potion of mutation]
 18012 | D:11     | Gained mutation: Your flesh is heat resistant. (rF+) [potion of mutation]
 18013 | D:11     | Lost mutation: You are frail. (-10% HP) [potion of mutation]
 18013 | D:11     | Lost mutation: Your flesh is heat resistant. (rF+) [potion of mutation]
 18013 | D:11     | Lost mutation: You passively map a small area around you. [potion of mutation]
 18013 | D:11     | Lost mutation: You occasionally shout uncontrollably at your foes. [potion of mutation]
 18013 | D:11     | Gained mutation: You have sharp fingernails. [potion of mutation]
 18013 | D:11     | Gained mutation: Your mind is acute. (Int +2) [potion of mutation]
 18013 | D:11     | Gained mutation: You have supernaturally acute eyesight. (SInv) [potion of mutation]
 18051 | D:11     | Noticed a two-headed ogre
 18065 | D:11     | Killed a two-headed ogre
 18370 | D:11     | Noticed a centaur warrior
 18378 | D:11     | Killed a centaur warrior
 19459 | D:11     | Noticed a two-headed ogre
 19470 | D:11     | Killed a two-headed ogre
 19647 | D:12     | Noticed an ettin
 19647 | D:12     | Noticed a sphinx
 19664 | D:12     | Noticed a two-headed ogre
 19677 | D:12     | Killed a two-headed ogre
 19677 | D:12     | Reached skill level 14 in Fire Magic
 20480 | D:5      | Killed tilp's ghost
 20579 | Lair:1   | Entered Level 1 of the Lair of Beasts
 20581 | Lair:1   | Noticed an eight-headed hydra
 20596 | Lair:1   | Killed an eight-headed hydra
 20596 | Lair:1   | Received a gift from Okawaru
 20606 | Lair:1   | Reached XP level 13. HP: 13/100 MP: 13/16
 20938 | Lair:1   | Learned a level 1 spell: Magic Dart
 21999 | Lair:2   | Found a staircase to the Shoals.
 23352 | Lair:2   | Upgraded the game from 0.21-a0-157-gb89e0e2 to 0.21-a0-163-g3aa3f5d
 24278 | Lair:3   | Found a staircase to the Snake Pit.
 24547 | Lair:3   | Reached skill level 10 in Axes
 25088 | Lair:3   | Reached skill level 5 in Dodging
 25280 | Lair:3   | Reached ****** piety under Okawaru
 25280 | Lair:3   | Reached skill level 15 in Fire Magic
 25910 | Lair:4   | Received a gift from Okawaru
 25915 | Lair:4   | Got a slimy ring mail {god gift}
 26029 | Lair:4   | Identified the +3 ring mail of Okawaru's Approval {rCorr Str+6 Dex-2 Slay+5} (Okawaru gifted it to you on level 4 of the Lair of Beasts)
 27371 | Lair:5   | Got a wavering iron amulet
 27423 | Lair:5   | Reached XP level 14. HP: 113/113 MP: 13/17
 28676 | Lair:6   | Entered Level 6 of the Lair of Beasts
 28895 | Lair:6   | Identified the amulet of Puonuyl {Inacc -Tele rPois rF+++} (You found it on level 5 of the Lair of Beasts)
 28963 | Lair:6   | Received a gift from Okawaru
 29853 | Lair:6   | Reached skill level 16 in Fire Magic
 29931 | Lair:6   | Found a staircase to the Slime Pits.
 29932 | Lair:6   | Found a viscous altar of Jiyva.
 30906 | Lair:6   | Got a scorched bronze ring
 31066 | Lair:6   | Noticed Nessos
 31080 | Lair:6   | Killed Nessos
 31688 | Lair:6   | Reached skill level 15 in Conjurations
 32003 | Lair:6   | Reached XP level 15. HP: 95/118 MP: 18/18
 32489 | Lair:6   | Received a gift from Okawaru
 33011 | Lair:1   | Learned a level 2 spell: Blink
 33145 | Snake:1  | Entered Level 1 of the Snake Pit
 33415 | Snake:1  | Noticed Frances
 33497 | Shoals:1 | Entered Level 1 of the Shoals
 33838 | Shoals:1 | Received a gift from Okawaru
 33841 | Shoals:1 | Slain by a snapping turtle

Vault maps used:
D:1:      nagdon_arrival_double_spiral, minivault_19
D:2:      cheibriados_altar_1, fedhas_altar_4,
          chequers_temple_overflow_statue_of_worship, grunt_qazlal_sundering
D:3:      old_standard_altar, first_bread, uniq_natasha
D:5:      gammafunk_temple_overflow_elements, minmay_temple_entry_butterflies
D:7:      elyvilon_altar_4
D:8:      overflow_temple_1_default
D:9:      vehumet_statue
D:10:     dpeg_lair_monsters, enter_trove_0, hangedman_little_slice_of_home,
          minivault_24, uniq_snorg
D:11:     enter_bailey_2
D:12:     cross_vault, david_orc_2, minmay_misc_feat_five
Lair:1:   minmay_stone_trees_medium, minivault_25, grunt_megastairs_3
Lair:2:   elwin_shoals_entry_stream, lemuel_fruit_tree, lemuel_fruit_fields,
          grunt_megastairs_2
Lair:3:   regret_index_combs_of_tragedy, dummy_snake_entry, st_stairs_8
Lair:4:   grunt_megastairs_4
Lair:5:   infiniplex_staircase_pool
Lair:6:   hangedman_lair_tendril_chambers, slime_altar_1, uniq_nessos
Shoals:1: nicolae_shoals_water_shrine
Snake:1:  grunt_ministairs_14, uniq_frances, uniq_azrael, uniq_aizul,
          uniq_rupert
Bailey:   bailey_polearm_4, bailey

Skill      XL: |  1  2  3  4  5  6  7  8  9 10 11 12 13 14 |
---------------+-------------------------------------------+-----
Spellcasting   | 2 |  2.0
Conjurations   | 2 3 4 5 6 7 8 10 11 13 15 | 15.4
Fire Magic     | 4 6 7 8 9 11 12 14 15 16 | 16.9
Invocations    | 2 4 |  4.2
Fighting       | 2 4 5 7 |  7.1
Dodging        | 2 3 4 5 6 |  6.2
Axes           | 3 7 9 10 12 | 12.8
Stealth        | |  1.5

Action                   |  1- 3 |  4- 6 |  7- 9 | 10-12 | 13-15 || total
-------------------------+-------+-------+-------+-------+-------++-------
Melee: Hand axe          |    54 |   144 |   192 |    42 |       ||   432
       Battleaxe         |       |       |       |   430 |   551 ||   981
Throw: Stone             |     1 |       |       |       |       ||     1
       Javelin           |       |       |       |     5 |       ||     5
 Cast: Flame Tongue      |    34 |    75 |    90 |   111 |    98 ||   408
       Throw Flame       |     1 |    10 |     9 |    43 |    25 ||    88
       Conjure Flame     |       |     1 |     6 |    27 |    65 ||    99
       Sticky Flame      |       |       |    21 |    37 |    65 ||   123
       Fireball          |       |       |       |     5 |    15 ||    20
       Magic Dart        |       |       |       |       |     1 ||     1
Invok: Heroism           |       |       |     1 |     9 |       ||    10
       Finesse           |       |       |       |     2 |     1 ||     3
  Use: Scroll            |       |     5 |     4 |    23 |     9 ||    41
       Potion            |       |     2 |     1 |     6 |     3 ||    12
 Stab: Sleeping          |       |     3 |       |     5 |       ||     8
  Eat: Bread ration      |     1 |       |     1 |     3 |     4 ||     9
       Chunk             |       |     9 |    20 |    22 |    34 ||    85
       Royal jelly       |       |     1 |       |       |     2 ||     3
       Meat ration       |       |       |     2 |     2 |       ||     4
       Fruit             |       |       |     1 |    12 |    15 ||    28
Armor: Robe              |     2 |       |       |   221 |    88 ||   311
       Leather armour    |    17 |    57 |    94 |    12 |       ||   180
       Skin              |       |       |    23 |     3 |       ||    26
       Ring mail         |       |       |       |       |   171 ||   171
Dodge: Dodged            |    45 |    95 |   186 |   370 |   605 ||  1301
Block: Buckler           |     6 |    25 |    27 |     8 |       ||    66
